 Dungeon Sprint DCSS version 0.22-a0-136-g83a10e5898 (webtiles) character file.

65 Denreik the Thaumaturge (level 4, -1/30 HPs)
             Began as a Formicid Fire Elementalist on Feb 2, 2018.
             Slain by a centaur (8 damage)
             ... in the Dungeon (Sprint IX: "|||||||||||||||||||||||||||||").
             The game lasted 00:02:02 (131 turns).

Denreik the Thaumaturge (Formicid Fire Elementalist) Turns: 131, Time: 00:02:02

Health: -1/30      AC:  2    Str: 12    XL:     4   Next: 35%
Magic:  0/14       EV: 12    Int: 16    God:
Gold:   0          SH:  0    Dex: 11    Spells: 18/19 levels left

rFire    . . .     SeeInvis +   k - +0 club
rCold    . . .     Gourm    .   (no shield)
rNeg     . . .     Faith    .   a - +0 robe
rPois    .         Spirit   .   (helmet unavailable)
rElec    .         Reflect  .   (no cloak)
rCorr    .         Harm     .   (no gloves)
MR       .....                  (no boots)
Stlth    ++........             (no amulet)
HPRegen  0.10/turn              (no ring)
MPRegen  0.14/turn              (no ring)

@: lethally poisoned (-1 -> -4), very slightly contaminated
A: permanent stasis, dig shafts and tunnels, four strong arms, antennae 3
a: Dig


You were in the Dungeon.
You were not hungry.

You visited 1 branch

Inventory:

Hand Weapons
 k - a +0 club (weapon)
Missiles
 l - 3 stones (quivered)
Armour
 a - a +0 robe (worn)
Scrolls
 i - a scroll of blinking
Potions
 f - a potion of haste
 g - a potion of magic
 h - a potion of berserk rage
Books
 b - a book of Flames

   Spells                             Type                      Level
   a - Flame Tongue                   Conjuration/Fire             1
   b - Throw Flame                    Conjuration/Fire             2
   c - Conjure Flame                  Conjuration/Fire             3
   d - Inner Flame                    Hexes/Fire                   3
   e - Sticky Flame                   Conjuration/Fire             4
   f - Fireball                       Conjuration/Fire             5
Comestibles
 c - a ration
 j - 2 chunks of flesh


   Skills:
 - Level 1.7 Dodging
 - Level 2.4 Stealth
 * Level 8.0 Spellcasting
 - Level 0.8 Conjurations
 - Level 3.0 Fire Magic


You had 18 spell levels left.
You knew the following spells:

 Your Spells              Type           Power        Failure   Level  Hunger
a - Flame Tongue          Conj/Fire      ##...        4%          1    None


Dungeon Overview and Level Annotations

Branches:
Dungeon (1/1)

Altars:


Innate Abilities, Weirdness & Mutations

You cannot be hasted, slowed, berserked, paralysed or teleported.
You can dig through walls and to a lower floor.
Your four strong arms can wield two-handed weapons with a shield.
You have a pair of large antennae on your head. (SInv)


Message History

You feel clever.
You feel sick.
The centaur wields a shortbow.
The centaur shoots an arrow.
The arrow misses you.
Casting: Flame Tongue (safe; 4% risk of failure)
Confirm with . or Enter, or press ? or * to list all spells.
You don't have enough magic to cast that spell.
Unknown command.
Casting: Flame Tongue (safe; 4% risk of failure)
Confirm with . or Enter, or press ? or * to list all spells.
You don't have enough magic to cast that spell.
The centaur unwields an uncursed shortbow.
The centaur closely misses you.
You see here a hound corpse.
You hit the centaur.
The centaur is lightly wounded.
You feel sick. The centaur barely misses you. x2
You hit the centaur.
The centaur is lightly wounded.
The centaur closely misses you. The centaur hits you!
You die... { ▓▓▓▓▓▓▓▓▓▓▓▓▓▓▓▓▓▓ +.....'.c@.÷'..(<▓ ▓▓▓▓▓▓▓▓▓▓▓▓▓▓▓▓▓▓

You could see a centaur.

Vanquished Creatures
  A hound (D)
  A worker ant (D)
  An ooze (D)
  A kobold (D)
  A ball python zombie (D)
  2 bats (D)
  A frilled lizard (D)
  A rat (D)
9 creatures vanquished.

Vanquished Creatures (others)
  A spatial maelstrom (D)
1 creature vanquished.

Grand Total: 10 creatures vanquished

Notes
Turn   | Place    | Note
-------+----------+-------------------------------------------
     0 | D        | Denreik the Formicid Fire Elementalist began the quest for the Orb.
     0 | D        | Reached XP level 1. HP: 13/13 MP: 3/3
     3 | D        | Banished a spatial maelstrom
     5 | D        | Reached skill level 3 in Spellcasting
    98 | D        | Noticed a centaur
    98 | D        | Noticed a worker ant
    98 | D        | Noticed a hound
   111 | D        | Reached skill level 4 in Spellcasting
   111 | D        | Reached XP level 2. HP: 12/19 MP: 1/7
   121 | D        | Reached skill level 6 in Spellcasting
   121 | D        | Reached XP level 3. HP: 8/24 MP: 2/11
   122 | D        | HP: 1/24 [worker ant (7)]
   128 | D        | Reached skill level 8 in Spellcasting
   128 | D        | Reached XP level 4. HP: 9/30 MP: 0/14
   131 | D        | Slain by a centaur

Vault maps used:
D:        linesprint

Skill      XL: |  1  2  3 |
---------------+----------+-----
Spellcasting   | 4 6 8 |  8.0
Dodging        | |  1.7
Stealth        | |  2.4
Conjurations   | |  0.8
Fire Magic     | |  3.0

Action                   |  1- 3 |  4- 6 || total
-------------------------+-------+-------++-------
Melee: Club              |     2 |     2 ||     4
 Cast: Flame Tongue      |    16 |     1 ||    17
  Use: Potion            |     3 |       ||     3
Armor: Robe              |     2 |       ||     2
Dodge: Dodged            |    12 |     5 ||    17

Table legend:
 A = Spawn XP
 B = Non-spawn XP
 C = Spawn XP percentage of total XP
 D = Spawn monster count
 E = Non-spawn monster count
 F = Spawn count percentage of total count
 G = Total turns spent on level
                    A         B        C        D         E        F      G
               +---------+---------+-------+---------+---------+-------+---------
         Total |       0 |      94 |   0.0 |       0 |       9 |   0.0 |   131
               +---------+---------+-------+---------+---------+-------+---------
             D |       0 |      94 |   0.0 |       0 |       9 |   0.0 |   131
               +---------+---------+-------+---------+---------+-------+---------
